 Dungeon Crawl Stone Soup version 0.30.0-29-ga12c61a403 (webtiles) character file.

Game seed: 12013721967037731815

569 qw the Chopper (level 7, -4/43 HPs)
             Began as a Gargoyle Fighter on June 3, 2023.
             Slain by a gnoll
             ... wielding a +0 halberd
             ... led by a gnoll bouda
              (11 damage)
             ... on level 3 of the Dungeon.
             The game lasted 00:01:49 (3308 turns).

qw the Chopper (Gargoyle Fighter)                   Turns: 3308, Time: 00:01:49

Health: -4/43      AC: 13    Str: 22    XL:     7   Next: 33%
Magic:  7/7        EV:  9    Int:  8    God:
Gold:   158        SH:  4    Dex:  9    Spells: 6/6 levels left

rFire   . . .        Y - +0 broad axe
rCold   . . .        c - +0 buckler
rNeg    + . .        b - +0 scale mail
rPois   inf          j - +0 helmet
rElec   +            (no cloak)
rCorr   .            (no gloves)
SInv    .            k - +0 pair of boots
Will    .....        (no amulet) Stlth
                     (no ring)
HPRegen 0.27/turn    (no ring)
MPRegen 0.10/turn

%: no passive effects
@: no status effects
A: sickness immunity, AC +4, negative energy resistance 1, electricity
resistance, torment resistance 1, petrification resistance
a: no special abilities


You were on level 3 of the Dungeon.
You visited 1 branch of the dungeon, and saw 5 of its levels.

You collected 158 gold pieces.


Innate Abilities, Weirdness & Mutations

You are immune to sickness and miasma.
Your stone body is resilient. (AC +4)
You are immune to poison.
You resist negative energy. (rN+)
You are resistant to electric shocks. (rElec)
You are resistant to unholy torment.
You are immune to petrification.


   Skills:
 - Level 4.0 Fighting
 + Level 6.7 Axes
 - Level 3.2 Armour
 - Level 1.0 Dodging
 - Level 3.2 Shields


You had 6 spell levels left.
You didn't know any spells.
Your spell library was empty.

Inventory:

Hand Weapons
 g - a +0 morningstar
 Y - a +0 broad axe (weapon)
Missiles
 f - 2 boomerangs (quivered)
Armour
 b - a +0 scale mail (worn)
 c - a +0 buckler (worn)
 j - a +0 helmet (worn)
 k - a +0 pair of boots (worn)
 n - a +0 chain mail
Jewellery
 m - an amulet of the acrobat
Scrolls
 a - a scroll of identify
Potions
 d - 3 potions of might
 e - a potion of curing
 h - a potion of cancellation {unknown}
 i - a potion of haste {unknown}
 l - a potion of degeneration {unknown}

Dungeon Overview and Level Annotations

Branches:
Dungeon (5/15)
 Temple: D:4-7

Altars:
Cheibriados
Gozag
Makhleb
Trog


Message History

3299 ||| Stepping ~*~*~tactically~*~*~ (hiding).
You throw a boomerang. The boomerang barely misses the gnoll.
You slash the gnoll!
The gnoll is severely wounded.
The gnoll hits you from afar with a +0 halberd.
A gnoll bouda comes into view. It is wielding a +0 whip.
The gnoll hits you with a +0 flail.
You closely miss the gnoll.
The gnoll is severely wounded.
The gnoll hits you but does no damage. The gnoll closely misses you.
The gnoll hits you but does no damage.
The gnoll bouda barks out a call to the hunt!
The gnolls pick up the pace!
A gnoll comes into view. It is wielding a +0 halberd.
The gnoll hits you but does no damage.
You hear a shout!
You slash the gnoll!
You kill the gnoll!
You hit the gnoll. You block the gnoll's attack.
You slice the gnoll!!
You kill the gnoll!
The gnoll hits you but does no damage.
The gnoll hits you from afar with a +0 halberd.
The gnoll bouda hits you with a +0 whip!
The gnoll hits you with a +0 halberd.
You hit the gnoll bouda.
The gnoll bouda is lightly wounded.
You hit the gnoll. You block the gnoll's attack.
The gnoll bouda hits you but does no damage.
The gnoll hits you with a +0 halberd!
The gnoll hits you from afar with a +0 halberd.
You hit the gnoll bouda.
The gnoll bouda is moderately wounded.
You barely miss the gnoll.
The gnoll bouda calls upon its god to heal the gnoll.
The gnoll's wounds heal themselves!
The gnoll barely misses you.
The gnoll hits you from afar with a +0 halberd!
You die...

######### #..........# #.......#
#...#####))#
###.......######.#...###).#######
..#.......+......................
#.#.......######.######...#######
#.#.......######.# #...##.#
#.#............%.# ##.....# #
..#.........###).# #.....## #
##..).......###.@# ###....# #
##.########.#..gg# #......# #
...######.#.#.#g## #......###
..........# #.... #........#
...######.# ####.. #.........
...# #.# ... #.....##.. ...# #.#
...g #####+#### .#.# #.# ...g.
.#.# #.# ......


You could see a gnoll bouda and 2 gnolls.

Vanquished Creatures
  An ice beast (D:5)
  An ogre (D:4)
  A jelly (D:5)
  An orc priest (D:3)
  2 orc wizards
  Ijyb (D:3)
  3 iguanas
  Robin (D:2)
  2 gnolls (D:3)
  6 adders
  2 worms (D:2)
  A dart slug (D:4)
  6 orcs
  6 bats
  12 endoplasms
  6 giant cockroaches
  14 goblins
  6 hobgoblins
  8 kobolds
  A quokka (D:4)
  6 ball pythons
  2 frilled lizards
  3 rats
92 creatures vanquished.

Notes
Turn   | Place    | Note
-------+----------+-------------------------------------------
     0 | D:1      | qw the Gargoyle Fighter began the quest for the Orb.
     0 | D:1      | Reached XP level 1. HP: 14/14 MP: 1/1
     0 | D:1      | 0 ||| qw: Version: 0.2-a-103-g5a998e5
     0 | D:1      | 0 ||| qw: Game counter: 980
     0 | D:1      | 0 ||| qw: Always use a shield: true
     0 | D:1      | 0 ||| qw: God list: Okawaru
     0 | D:1      | 0 ||| qw: Allow faded altars: false
     0 | D:1      | 0 ||| qw: Do Orc after D:15 true
     0 | D:1      | 0 ||| qw: Do second Lair branch before Depths: true
     0 | D:1      | 0 ||| qw: Lair rune preference: random
     0 | D:1      | 0 ||| qw: Plans: Normal, Zot:1-4, Slime:5, God:TSO, Crypt,
                  | Tomb, Pan, Hells, Abyss, Win
     0 | D:1      | 0 ||| PLANNING D:1-11
    25 | D:1      | Reached skill level 2 in Axes
    44 | D:1      | Reached XP level 2. HP: 19/19 MP: 2/2
   124 | D:1      | 124 ||| Stepping ~*~*~tactically~*~*~ (stealth).
   168 | D:1      | Reached skill level 3 in Axes
   276 | D:1      | Reached XP level 3. HP: 23/23 MP: 3/3
   846 | D:1      | 846 ||| READING scroll labelled NYESED OQYOC.
   847 | D:1      | 847 ||| READING scroll labelled FANUNE COEGOLA.
   852 | D:1      | 852 ||| READING scroll labelled HEMNECLOIRGHU.
   853 | D:1      | 853 ||| READING scroll labelled DUDWAR GAURGHON.
   854 | D:1      | 854 ||| DRINKING 2 fizzy blue potions.
   920 | D:2      | Found an opulent altar of Gozag.
   926 | D:2      | 926 ||| Stepping ~*~*~tactically~*~*~ (stealth).
  1015 | D:2      | 1015 ||| Stepping ~*~*~tactically~*~*~ (stealth).
  1260 | D:2      | Reached XP level 4. HP: 21/28 MP: 4/4
  1653 | D:2      | Reached skill level 4 in Axes
  1656 | D:2      | Noticed Robin
  1657 | D:2      | 1657 ||| Stepping ~*~*~tactically~*~*~ (stealth).
  1675 | D:2      | Killed Robin
  1880 | D:2      | 1880 ||| UPGRADING to +0 helmet.
  1885 | D:2      | 1885 ||| READING scroll labelled REUMORR VUMIPPILAO.
  1886 | D:2      | 1886 ||| DRINKING 2 viscous ruby potions.
  1887 | D:2      | 1887 ||| DROPPING potion of flight.
  1932 | D:3      | Noticed Ijyb
  1933 | D:3      | 1933 ||| Stepping ~*~*~tactically~*~*~ (hiding).
  1949 | D:3      | HP: 1/28 [Ijyb/+0 club (7)]
  1950 | D:3      | 1950 ||| DRINKING potion of heal wounds.
  1955 | D:3      | Killed Ijyb
  1956 | D:3      | Reached XP level 5. HP: 21/32 MP: 5/5
  2044 | D:3      | Found a faded altar of an unknown god.
  2205 | D:3      | 2205 ||| Stepping ~*~*~tactically~*~*~ (hiding).
  2282 | D:3      | Found a bloodstained altar of Trog.
  2282 | D:3      | Found a burning altar of Makhleb.
  2282 | D:3      | Found a snail-covered altar of Cheibriados.
  2288 | D:3      | You fall into a shaft and drop 2 floors!
  2288 | D:5      | Entered Level 5 of the Dungeon
  2309 | D:5      | Noticed an ice beast
  2321 | D:5      | Killed an ice beast
  2322 | D:5      | Reached skill level 5 in Axes
  2354 | D:5      | Reached XP level 6. HP: 35/37 MP: 6/6
  2508 | D:5      | 2508 ||| UPGRADING to +0 pair of boots.
  2513 | D:5      | 2513 ||| READING scroll labelled NOTOTEMUNE.
  2514 | D:5      | 2514 ||| DRINKING 2 viscous emerald potions.
  2525 | D:4      | 2525 ||| Stepping ~*~*~tactically~*~*~ (stealth).
  2541 | D:4      | Reached skill level 1 in Dodging
  2628 | D:4      | 2628 ||| Stepping ~*~*~tactically~*~*~ (stealth).
  2695 | D:4      | 2695 ||| DROPPING +0 club.
  2698 | D:4      | 2698 ||| Stepping ~*~*~tactically~*~*~ (hiding).
  2699 | D:4      | 2699 ||| Stepping ~*~*~tactically~*~*~ (hiding).
  2770 | D:4      | 2770 ||| Stepping ~*~*~tactically~*~*~ (stealth).
  2783 | D:4      | Reached skill level 6 in Axes
  2800 | D:4      | Reached XP level 7. HP: 22/43 MP: 7/7
  2886 | D:4      | 2886 ||| SWAPPING to +0 broad axe.
  2887 | D:4      | 2887 ||| DROPPING +0 war axe.
  2987 | D:4      | 2987 ||| READING scroll labelled GIVOIXZ LOUTS.
  2988 | D:4      | 2988 ||| READING 2 scrolls of identify.
  2988 | D:4      | 2988 ||| IDENTIFYING bubbling black potion
  2989 | D:4      | 2989 ||| DROPPING potion of magic.
  3115 | D:3      | 3115 ||| DROPPING +0 whip.
  3296 | D:3      | 3296 ||| Stepping ~*~*~tactically~*~*~ (hiding).
  3298 | D:3      | 3298 ||| Stepping ~*~*~tactically~*~*~ (hiding).
  3299 | D:3      | 3299 ||| Stepping ~*~*~tactically~*~*~ (hiding).
  3307 | D:3      | HP: 9/43 [gnoll/+0 halberd[a gnoll bouda] (10)]
  3308 | D:3      | Slain by a gnoll

Levels and vault maps discovered:
D:1:      minmay_arrival_four_loops, layout_basic
D:2:      layout_basic, basic_altar, uniq_robin
D:3:      layout_basic, chequers_temple_overflow_statue_of_worship,
          hellmonk_ecumenical_altar_leap_of_faith, uniq_ijyb
D:4:      layout_loops_ring, gammafunk_ghost_nasty_kobolds, serial_forest,
          infiniplex_forest_zigzag_2, infiniplex_forest_lined_3,
          infiniplex_forest_lined_ring, infiniplex_forest_straight_4,
          infiniplex_forest_lined_2, infiniplex_forest_lined_1,
          infiniplex_forest_lined_ring, infiniplex_forest_diagonal
D:5:      layout_basic, uniq_sigmund, uniq_pikel, uniq_crazy_yiuf_cottage,
          uniq_grinder

Skill      XL: |  1  2  3  4  5  6 |
---------------+-------------------+-----
Axes           | 2 3 4 5 6 |  6.7
Fighting       | 4 |  4.0
Dodging        | 1 |  1.0
Armour         | |  3.2
Shields        | |  3.2

Action                     |  1- 3 |  4- 6 |  7- 9 || total
---------------------------+-------+-------+-------++-------
  Melee: War axe           |   113 |   170 |     1 ||   284
         Broad axe         |       |       |    22 ||    22
  Throw: Boomerang         |       |       |     5 ||     5
    Use: Scroll            |     4 |     2 |     2 ||     8
         Potion            |     1 |     3 |       ||     4
 Armour: Scale mail        |    45 |    92 |    19 ||   156
  Dodge: Dodged            |    47 |    65 |    11 ||   123
  Block: Buckler           |    10 |    29 |     5 ||    44

Table legend:
 A = Non-vault XP
 B = Vault XP
 C = Vault XP percentage of total XP
 D = Non-vault monster count
 E = Vault monster count
 F = Vault count percentage of total count
                 A         B        C        D         E       F
            +---------+---------+-------+---------+---------+-------
      Total |     749 |      65 |   8.0 |      82 |      10 |  10.9
            +---------+---------+-------+---------+---------+-------
        D:1 |      47 |       0 |   0.0 |      27 |       0 |   0.0
        D:2 |      51 |      29 |  36.2 |      18 |       9 |  33.3
        D:3 |     130 |      36 |  21.7 |      17 |       1 |   5.6
        D:4 |     288 |       0 |   0.0 |      15 |       0 |   0.0
        D:5 |     233 |       0 |   0.0 |       5 |       0 |   0.0
            +---------+---------+-------+---------+---------+-------
